 Dungeon Crawl Stone Soup version 0.24.1 (webtiles) character file.

Game seed: 3239455775216238954, levelgen mode: deterministic

591 Shinypotato the Poker (level 7, -6/41 HPs)
             Began as a Gargoyle Fighter on Mar 30, 2020.
             Was an Initiate of Qazlal.
             Killed from afar by Sigmund (11 damage)
             ... with a puff of flame
             ... on level 5 of the Dungeon.
             The game lasted 00:25:07 (6918 turns).

Shinypotato the Poker (Gargoyle Fighter)            Turns: 6918, Time: 00:25:08

Health: -6/41      AC: 11    Str: 21    XL:     7   Next: 39%
Magic:  7/7        EV:  7    Int: 14    God:    Qazlal [......]
Gold:   308        SH:  9    Dex:  9    Spells: 6/6 levels left

rFire    . . .     SeeInvis .   a - +0 trident
rCold    . . .     Gourm    .   c - +0 shield
rNeg     + . .     Faith    .   b - +0 scale mail
rPois    ∞         Spirit   .   (no helmet)
rElec    +         Reflect  .   (no cloak)
rCorr    .         Harm     .   (no gloves)
MR       .....                  (no boots)
Stlth    ..........             (no amulet)
HPRegen  0.13/turn              p - +5 ring of intelligence
MPRegen  0.10/turn              (no ring)

@: no status effects
A: negative energy resistance 1, electricity resistance, unbreathing,
petrification resistance, rot immunity, AC +4
a: Renounce Religion


You were on level 5 of the Dungeon.
You worshipped Qazlal.
Qazlal was noncommittal.
You were not hungry.

You visited 2 branches of the dungeon, and saw 6 of its levels.

You collected 308 gold pieces.

Inventory:

Hand Weapons
 a - a +0 trident (weapon)
 u - a +0 halberd
Armour
 b - a +0 scale mail (worn)
 c - a +0 shield (worn)
 g - a +0 chain mail
 q - a cursed -2 scale mail
Jewellery
 p - a +5 ring of intelligence (left hand)
Wands
 i - a wand of polymorph (6)
Scrolls
 e - 4 scrolls of teleportation
 j - a scroll of magic mapping
 o - 2 scrolls of identify
 r - 2 scrolls of random uselessness {unknown}
 s - a scroll of amnesia {unknown}
 t - a scroll of noise {unknown}
Potions
 d - a potion of might
 h - 4 potions of curing {unknown}
 k - 2 potions of ambrosia
 l - 2 potions of cancellation
 m - a potion of brilliance {unknown}
 n - a potion of degeneration {unknown}
 v - 2 potions of berserk rage {unknown}
Comestibles
 f - 6 rations


   Skills:
 - Level 3.2 Fighting
 * Level 7.2 Polearms
 - Level 3.2 Armour
 - Level 0.6 Dodging
 - Level 3.2 Shields
 + Level 0.1 Unarmed Combat


You had 6 spell levels left.
You didn't know any spells.
Your spell library was empty.

Dungeon Overview and Level Annotations

Branches:
Dungeon (5/15)             Temple (1/1) D:4

Altars:
Ashenzari
Cheibriados
Dithmenos
Elyvilon
Fedhas
Gozag
Hepliaklqana
Kikubaaqudgha
Makhleb
Nemelex Xobeh
Okawaru
Qazlal
Ru
Sif Muna
Trog
Uskayaw
Vehumet
Wu Jian
Xom
Yredelemnul
Zin
The Shining One

Annotations:
D:5 Sigmund


Innate Abilities, Weirdness & Mutations

You are resistant to torment.
Your stone body is resilient. (AC +4)
You are immune to poison.
You resist negative energy. (rN+)
You are resistant to electric shocks. (rElec)
You can survive without breathing.
You are immune to petrification.
You are immune to rotting.


Message History

A magic dart appears from out of thin air!
The magic dart hits you!
You hear a zap.
A puff of flame appears from out of thin air!
The puff of flame hits you!
You hear a zap.
A puff of flame appears from out of thin air!
The puff of flame hits you!
* * * LOW HITPOINT WARNING * * *
A puff of flame appears from out of thin air!
The puff of flame hits you but does no damage.
You hear a zap.
A puff of flame appears from out of thin air!
The puff of flame hits you.
* * * LOW HITPOINT WARNING * * *
There is an open door here.
You hear a zap.
A puff of flame appears from out of thin air!
The puff of flame hits you!
You die...

#.........#.# ###.######.##
#.### #.###.###.#.# ##...##
### #.# # #.#
#.###.#.###.....## ###.###
#.# #.#.#............##
##.#.... #.#
#......#.)........####....###
#.#
#.................'..........
#.#
##....#.#.........####.....##
#.#####.#....#.......##
##..#.#
#...)........##.@...## ##...#
#####.####...###...## ###.#
#.# ##### ##+######## #.# #.#
#........# #.# #.# #####.###
#.# #.# #.# #.......# #.# #.#
##.## #.##....####.#####.#
#...######.#................#
#.#...................#######


There were no monsters in sight!

Vanquished Creatures
  A scorpion (D:4)
  A crimson imp (D:5)
  2 hounds (D:4)
  An iguana (D:4)
  2 orc wizards
  2 worker ants
  A hound skeleton (D:5)
  4 gnolls
  A river rat (D:3)
  13 adders
  An ooze (D:3)
  6 worms
  3 dart slugs
  2 leopard geckos
  14 orcs
  5 giant cockroaches
  10 goblins
  2 hobgoblins
  5 jackals
  4 quokkas
  4 ball pythons
  7 bats
  4 frilled lizards
  A jackal skeleton (D:5)
  10 kobolds
  A leopard gecko skeleton (D:4)
  2 quokka skeletons (D:4)
  15 rats
124 creatures vanquished.

Notes
Turn   | Place    | Note
-------+----------+-------------------------------------------
     0 | D:1      | Shinypotato the Gargoyle Fighter began the quest for the
                  | Orb.
     0 | D:1      | Reached XP level 1. HP: 14/14 MP: 1/1
   299 | D:1      | Reached skill level 2 in Polearms
   443 | D:1      | Reached XP level 2. HP: 17/19 MP: 2/2
   670 | D:1      | Reached XP level 3. HP: 19/23 MP: 3/3
   679 | D:1      | Reached skill level 3 in Polearms
  1250 | D:2      | Reached XP level 4. HP: 28/28 MP: 4/4
  1289 | D:2      | Found a shattered altar of Ashenzari.
  1419 | D:2      | Reached skill level 4 in Polearms
  1804 | D:2      | Found a hazy altar of Hepliaklqana.
  2411 | D:2      | Reached XP level 5. HP: 18/32 MP: 5/5
  3260 | D:3      | Reached skill level 5 in Polearms
  3779 | D:3      | Reached XP level 6. HP: 26/37 MP: 6/6
  4244 | D:4      | Found a staircase to the Ecumenical Temple.
  4254 | Temple   | Entered the Ecumenical Temple
  4423 | Temple   | Became a worshipper of Qazlal Stormbringer
  4519 | D:4      | Reached skill level 6 in Polearms
  5620 | D:4      | Reached XP level 7. HP: 32/41 MP: 7/7
  6245 | D:5      | Entered Level 5 of the Dungeon
  6448 | D:5      | Reached skill level 7 in Polearms
  6875 | D:5      | Noticed Sigmund
  6918 | D:5      | Killed from afar by Sigmund

Levels and vault maps discovered:
D:1:      lightli_arrival_chessboard, layout_basic
D:2:      layout_rooms, lemuel_coloured_pillars_altar,
          ashenzari_conservatory_becter, minmay_misc_feat_encased
D:3:      layout_basic, lightli_sewer_entry_pipes
D:4:      layout_layer_cave, minmay_temple_entry_mist, first_ration
D:5:      layout_loops_corners, uniq_sigmund
Temple:   regret_index_temple_chain_breaker

Skill      XL: |  1  2  3  4  5  6  7 |
---------------+----------------------+-----
Polearms       | 2 3 4 5 6 7 |  7.2
Fighting       | |  3.2
Armour         | |  3.2
Dodging        | |  0.6
Shields        | |  3.2
Unarmed Combat | |  0.1

Action                   |  1- 3 |  4- 6 |  7- 9 || total
-------------------------+-------+-------+-------++-------
Melee: Trident           |   148 |   424 |    83 ||   655
       Unarmed           |       |     8 |       ||     8
  Use: Scroll            |       |     7 |       ||     7
  Eat: Ration            |     1 |     4 |     1 ||     6
Armor: Scale mail        |   100 |   206 |    37 ||   343
Dodge: Dodged            |    46 |   117 |    18 ||   181
Block: Shield            |    79 |   211 |    27 ||   317
